 Dungeon Crawl Stone Soup version 0.29.0-4-gdea44cf6ec (webtiles) character file.

Game seed: 2772766704943468652

18 qw the Sneak (level 2, -5/19 HPs)
             Began as a Gargoyle Delver on Sept 10, 2022.
             Slain by Duvessa
             ... wielding a +0 rapier
              (9 damage)
             ... on level 5 of the Dungeon.
             The game lasted 00:00:05 (318 turns).

qw the Sneak (Gargoyle Delver)                       Turns: 318, Time: 00:00:06

Health: -5/19      AC:  5    Str: 15    XL:     2   Next: 66%
Magic:  2/2        EV: 11    Int: 10    God:
Gold:   0          SH:  0    Dex: 11    Spells: 1/1 levels left

rFire   . . .      SeeInvis .   a - +0 hand axe
rCold   . . .      Faith    .   (no shield)
rNeg    + . .      Spirit   .   b - +0 leather armour
rPois   inf        Reflect  .   (no helmet)
rElec   +          Harm     .   (no cloak)
rCorr   .          Rampage  .   (no gloves)
Will    .....                   (no boots)
Stlth   +++.......              (no amulet)
HPRegen 0.06/turn               (no ring)
MPRegen 0.08/turn               (no ring)

@: no status effects
A: sickness immunity, AC +2, negative energy resistance 1, electricity
resistance, torment resistance 1, petrification resistance
a: no special abilities


You were on level 5 of the Dungeon.
You visited 1 branch of the dungeon, and saw 1 of its levels.


Innate Abilities, Weirdness & Mutations

You are immune to sickness and miasma.
Your stone body is resilient. (AC +2)
You are immune to poison.
You resist negative energy. (rN+)
You are resistant to electric shocks. (rElec)
You are resistant to unholy torment.
You are immune to petrification.


   Skills:
 - Level 3.2 Fighting
 + Level 2.9 Axes
 - Level 1.5 Dodging
 - Level 5.4 Stealth


You had one spell level left.
You didn't know any spells.
Your spell library was empty.

Inventory:

Hand Weapons
 a - a +0 hand axe (weapon)
Armour
 b - a +0 leather armour (worn)
Wands
 g - a wand of digging (3)
Scrolls
 c - a scroll of fog
 d - a scroll of magic mapping
 e - a scroll of fear
Potions
 f - a potion of haste

Dungeon Overview and Level Annotations

Branches:
Dungeon (5/15)
 Temple: D:4-7

Altars:

Annotations:
D:5 Dowan, Duvessa


Message History

The adder is severely wounded.
The adder bites you. The adder bites you but does no damage.
You barely miss the adder.
The adder is severely wounded.
The adder misses you.
You hit the adder.
The adder is almost dead.
The adder bites you. The adder closely misses you.
You hit the adder but do no damage.
The adder is almost dead.
The adder bites you but does no damage.
You hit the adder.
You kill the adder!
You start resting.
A hound is nearby!
246 ||| Stepping ~*~*~tactically~*~*~ (stealth).
You start resting.
A hound is nearby!
280 ||| Stepping ~*~*~tactically~*~*~ (stealth).
You start resting.
A hound is nearby!
288 ||| Stepping ~*~*~tactically~*~*~ (stealth).
You start resting.
HP restored.
Duvessa, Sister of Dowan comes into view.
She is wielding a +0 rapier.
Duvessa shouts!
Duvessa drinks a potion.
Duvessa flickers and vanishes!
Deactivating autopickup; reactivate with Ctrl-A.
You swing at nothing.
Dowan, Brother of Duvessa comes into view.
He is wielding a +0 dagger.
Something hits you.
Dowan shouts!
Dowan barely misses you. Something hits you.
You barely miss Dowan. You barely miss something. Dowan misses you.
Something hits you.
You barely miss Dowan. You punch Dowan.
Dowan is lightly wounded.
You miss something. Dowan hits you but does no damage. Something hits you!
You die...

#.......#.....##
#......######## .
#......#
..######......#
..............#
..............#######
.....................
.....................
..####.@.............
+e.......#######
#....##### #....#
#....# #....# #....#
#....#


You could see Dowan.

Vanquished Creatures
  2 adders (D:5)
2 creatures vanquished.

Notes
Turn   | Place    | Note
-------+----------+-------------------------------------------
     0 | D:5      | qw the Gargoyle Delver began the quest for the Orb.
     0 | D:5      | Reached XP level 1. HP: 14/14 MP: 1/1
     0 | D:5      | 0 ||| qw: Version: 0.1-a-116-g5d60599
     0 | D:5      | 0 ||| qw: Game counter: 8934
     0 | D:5      | 0 ||| qw: Always use a shield: true
     0 | D:5      | 0 ||| qw: God list: Okawaru
     0 | D:5      | 0 ||| qw: Allow faded altars: false
     0 | D:5      | 0 ||| qw: Do Orc after D:15 true
     0 | D:5      | 0 ||| qw: Do second Lair branch before Depths: true
     0 | D:5      | 0 ||| qw: Lair rune preference: random
     0 | D:5      | 0 ||| qw: Plans: Normal
     0 | D:5      | 0 ||| PLANNING D:1-11
    28 | D:5      | Reached XP level 2. HP: 11/19 MP: 2/2
   246 | D:5      | 246 ||| Stepping ~*~*~tactically~*~*~ (stealth).
   280 | D:5      | 280 ||| Stepping ~*~*~tactically~*~*~ (stealth).
   288 | D:5      | 288 ||| Stepping ~*~*~tactically~*~*~ (stealth).
   308 | D:5      | Noticed Duvessa
   310 | D:5      | Noticed Dowan
   317 | D:5      | HP: 4/19 [something (5)]
   318 | D:5      | Slain by Duvessa

Levels and vault maps discovered:
D:5:      layout_gridville, grunt_ashenzari_visionary
          [grunt_ashenzari_visionary_swamp, grunt_ashenzari_visionary_snake],
          minmay_temple_entry_ruins, uniq_duvessa

Skill      XL: |  1 |
---------------+----+-----
Axes           | 2 |  2.9
Fighting       | |  3.2
Dodging        | |  1.5
Stealth        | |  5.4

Action                   || total
-------------------------++-------
Melee: Hand axe          ||    21
       Punch             ||     1
Armor: Leather armour    ||     8
Dodge: Dodged            ||    14

Table legend:
 A = Non-vault XP
 B = Vault XP
 C = Vault XP percentage of total XP
 D = Non-vault monster count
 E = Vault monster count
 F = Vault count percentage of total count
                 A         B        C        D         E       F
            +---------+---------+-------+---------+---------+-------
      Total |      26 |       0 |   0.0 |       2 |       0 |   0.0
            +---------+---------+-------+---------+---------+-------
        D:5 |      26 |       0 |   0.0 |       2 |       0 |   0.0
            +---------+---------+-------+---------+---------+-------
